AoeStats
← ivcrk826

Four Lakes

508424622Analyzed
1v1 RM · 9d ago on Sep 22, 2026· 45m 53s· 2 players
Game mode
Random Map
Map size
Tiny (2 player)
Population
200
Speed
Normal
Resources
Standard
Victory
Conquest
Starting age
Dark Age
Ending age
Imperial Age
RankedLock teamsTeams togetherTeam positionsShared explorationLock speedFull tech treeHidden civsTurbo modeCheats
Victory
Defeat
🇷🇺 Italians · Russia
1114
+17
🇦🇷 Wu · Argentina
1131
-17
Engineer
11:04 Feudal Age
9:20 Loom
14:37 Double-Bit Axe
14:33 Horse Collar
18:12 Castle Age
18:06 Fletching
18:17 Padded Archer Armor
18:12 Gold Mining
18:18 Crossbowman
19:44 Thumb Ring
22:41 Bodkin Arrow
23:37 Leather Archer Armor
29:39 Ballistics
37:13 Imperial Age
35:55 Heavy Plow
39:57 Bracer
41:40 Stone Mining
44:31 Chemistry
45:24 Bow Saw
ivcrk826
7:45 Loom
9:54 Feudal Age
11:36 Double-Bit Axe
20:59 Castle Age
21:02 Fletching
21:10 Elite Skirmisher
21:53 Bodkin Arrow
22:36 Crossbowman
24:15 Padded Archer Armor
31:57 Ballistics
37:10 Imperial Age
34:57 Light Cavalry
36:58 Gold Mining
37:34 Bloodlines
39:37 Chemistry
Connection lost

Rejoining the realm…

Still unreachable

The connection could not be restored.

Session expired

The server has moved on; the page needs a fresh start.